 Dungeon Crawl Stone Soup version 0.29-a0-344-ge2f44be95a (webtiles) character file.

Game seed: 17422753594458641735

72 spaghetti the Caller (level 4, 30/30 HPs)
             Began as a Demonspawn Summoner on Apr 21, 2022.
             Was a Follower of Okawaru.
             Quit the game on level 2 of the Dungeon.
             The game lasted 00:04:00 (2777 turns).

spaghetti the Caller (Demonspawn Summoner)          Turns: 2777, Time: 00:04:01

Health: 30/30      AC:  2    Str: 11    XL:     4   Next: 7%
Magic:  7/7        EV: 12    Int: 16    God:    Okawaru [*.....]
Gold:   38         SH:  0    Dex: 13    Spells: 4/7 levels left

rFire   . . .      SeeInvis .   k - +0 club {mace}
rCold   . . .      Faith    .   (no shield)
rNeg    + . .      Spirit   .   a - +0 robe
rPois   .          Reflect  .   (helmet restricted)
rElec   .          Harm     .   (no cloak)
rCorr   .          Rampage  .   (no gloves)
Will    .....                   (no boots)
Stlth   ++........              (no amulet)
HPRegen 0.10/turn               m - ring of positive energy
MPRegen 0.10/turn               (no ring)

@: no status effects
A: horns 1, ignite blood 1, demonic touch 1
a: Renounce Religion, Heroism


You were on level 2 of the Dungeon.
You worshipped Okawaru.
Okawaru was aware of your devotion.
You visited 1 branch of the dungeon, and saw 2 of its levels.

You collected 38 gold pieces.


Innate Abilities, Weirdness & Mutations

You have a pair of small horns on your head.
Your demonic aura sometimes causes spilled blood to erupt in flames.
Your touch may inflict minor irresistible damage on your foes.


   Skills:
 + Level 3.4 Armour
 - Level 1.7 Dodging
 - Level 1.7 Stealth
 - Level 2.0 Spellcasting
 - Level 4.0 Summonings


You had 4 spell levels left.
You knew the following spells:

 Your Spells              Type           Power      Damage    Failure   Level
a - Summon Small Mammal   Summ           56%        N/A       4%          1
b - Call Imp              Summ           14%        N/A       6%          2

Your spell library contained the following spells:

 Spells                   Type           Power      Damage    Failure   Level
 Call Canine Familiar     Summ           Unusable   N/A       N/A         3
 Summon Guardian Golem    Hex/Summ       Unusable   N/A       N/A         3
 Summon Lightning Spire   Summ/Air       Unusable   N/A       N/A         4

Inventory:

Hand Weapons
 c - a +0 dagger {short}
   (You took it off a goblin on level 1 of the Dungeon)
 h - a +0 dagger {short}
   (You took it off a goblin on level 1 of the Dungeon)
 i - a +0 hunting sling {sling}
   (You found it on level 1 of the Dungeon)
 k - a +0 club (weapon) {mace}
   (You took it off a goblin on level 1 of the Dungeon)
Missiles
 d - 22 stones {throwing}
Armour
 a - a +0 robe (worn)
Jewellery
 m - a ring of positive energy (left hand)
   (You found it on level 2 of the Dungeon)
Scrolls
 e - a scroll of enchant weapon {unknown}
 g - 2 scrolls of immolation {unknown}
 j - a scroll of vulnerability {unknown}
 l - 2 scrolls of identify {unknown}
 n - a scroll of teleportation {unknown}
 o - a scroll of summoning {unknown}
Potions
 b - a potion of magic
 f - a potion of cancellation {unknown}

Dungeon Overview and Level Annotations

Branches:
Dungeon (2/15)

Altars:
Okawaru

...# #.# # .#.## #.# ###
# .#.### #.#... # .
#....######.#.# ##
##...#.......# ##.
......###.### ##..
#....# #.# #≈.. #...#
#.# ###≈♣.
#.@###.#######.#≈..
#.............###.. .##g
#..####.####.## ##.
.....#..# #.....## ####
........####..###.###[.#
...............###.#..##
............)[.# ##.#.#
........####...# #.#.#
#######.# ##### #.#)#


There were no monsters in sight!


Message History

You lost 2 mp, and now have 4/6 mp.
You are too injured to fight recklessly!
You completely miss the adder. The adder bites you but does no damage.
Your crimson imp blinks!
The adder barely misses you.
You hit the adder. Your touch misses the adder. The adder bites you.
You closely miss the adder. The adder bites you.
Your crimson imp hits the adder.
The adder barely misses you. 😕 HP[-1]
You take 1 damage, and now have 21/24 hp.
You completely miss the adder.
Your crimson imp closely misses the adder.
The adder barely misses you.
Your crimson imp hits the adder.
You closely miss the adder. Your touch misses the adder.
The adder completely misses you. The adder bites you.
Your crimson imp hits the adder. 😕 HP[-2]
You take 2 damage, and now have 19/24 hp.
You hit the adder but do no damage. Your touch misses the adder.
The adder bites you but does no damage.
Your crimson imp completely misses the adder.
The adder bites you. 😮 HP[-1]
You take 1 damage, and now have 18/24 hp.
You closely miss the adder.
You touch the adder.
Your crimson imp completely misses the adder.
The adder bites you.
Your crimson imp hits the adder.
The adder dies!
You have reached level 4!
You feel stronger.
Your demonic ancestry asserts itself...
A pair of horns grows on your head! 😮 MP[+1]
You now have 30 max hp (+6).
Key pressed, stopping explore.
Your crimson imp blinks!
Your crimson imp disappears in a puff of smoke!
Key pressed, stopping explore.
Key pressed, stopping explore.
A dart slug comes into view. 😎 HP[+12] MP[+2]
Your hp is fully restored (30).
Your mp is fully restored (7).
The dart slug launches a dart at you. The slug dart hits you. 😕 HP[-5]
You take 5 damage, and now have 25/30 hp.
You are too injured to fight recklessly!
You are too injured to fight recklessly!
You are too injured to fight recklessly!
You are too injured to fight recklessly!
You are too injured to fight recklessly!
You are too injured to fight recklessly!
You are too injured to fight recklessly!
You are too injured to fight recklessly!
You are too injured to fight recklessly!
You are too injured to fight recklessly!
You are too injured to fight recklessly!
You are too injured to fight recklessly!
You are too injured to fight recklessly!
You are too injured to fight recklessly!
You are too injured to fight recklessly!
You are too injured to fight recklessly!
You are too injured to fight recklessly!
You are too injured to fight recklessly!
Unknown command.
The dart slug launches a dart at you. The slug dart hits you. 😕 HP[-2]
You take 2 damage, and now have 23/30 hp.
The dart slug launches a dart at you. The slug dart hits you. 😮 HP[-4]
You take 4 damage, and now have 19/30 hp.
You hit the dart slug. The dart slug misses you.
You hit the dart slug but do no damage. The dart slug closely misses you.
You hit the dart slug but do no damage.
You touch the dart slug.
The dart slug bites you. 😮 HP[-3]
You take 3 damage, and now have 16/30 hp.
You hit the dart slug but do no damage.
The dart slug barely misses you. 😮 HP[+1]
You hit the dart slug.
You kill the dart slug!
Found a faded altar of an unknown god.
You start resting. 😎 HP[+13]
Your hp is fully restored (30).
You see here a +0 robe.
Key pressed, stopping explore.
A hobgoblin comes into view.
Press: ? - help, . - travel You can't see that place.
There is a faded altar of an unknown god here.
You cannot tell which god this altar belongs to.
Convert to them anyway?
Okawaru accepts your prayer! Okawaru welcomes you!
You can now gain great but temporary skills.
You cannot memorise any of the available spells.
Unknown command.
Press < or > to pray at altars.
Are you sure you want to abandon this character and quit the game? (Confirm with "yes".)

Skill      XL: |  1  2 |
---------------+-------+-----
Armour         | 1 3 |  3.4
Dodging        | |  1.7
Stealth        | |  1.7
Spellcasting   | |  2.0
Summonings     | |  4.0

Action                   |  1- 3 |  4- 6 || total
-------------------------+-------+-------++-------
Melee: Unarmed           |    40 |       ||    40
       Club              |    53 |     5 ||    58
       Touch             |     5 |     1 ||     6
 Cast: Summon Small Mamm |    33 |       ||    33
       Call Imp          |     4 |       ||     4
  Use: Potion            |     2 |       ||     2
 Stab: Sleeping          |     3 |       ||     3
Armor: Robe              |    28 |       ||    28
Dodge: Dodged            |    89 |     3 ||    92

Levels and vault maps discovered:
D:1:      psy_arrival_spokes, layout_basic, serial_aquarium,
          aquarium_bridge_square [aquarium_subvault_wall,
          aquarium_subvault_bridge, aquarium_subvault_wall,
          aquarium_subvault_window], aquarium_bridge_square
          [aquarium_subvault_bridge, aquarium_subvault_window,
          aquarium_subvault_window, aquarium_subvault_bridge],
          aquarium_window_1, aquarium_window_corridor_1, aquarium_window_1,
          aquarium_view_4, aquarium_balcony_3b, aquarium_pool_split
D:2:      layout_loops_ring, basic_ecumenical_altar, grunt_decor_mini_mirrors,
          kennysheep_nub, uniq_jessica

Notes
Turn   | Place    | Note
-------+----------+-------------------------------------------
     0 | D:1      | spaghetti the Demonspawn Summoner began the quest for the
                  | Orb.
     0 | D:1      | Reached XP level 1. HP: 13/13 MP: 3/3
     0 | D:1      | magus.rc [v1.9.6]
    99 | D:1      | Reached skill level 1 in Armour
   342 | D:1      | Gained mutation: Your demonic aura sometimes causes spilled
                  | blood to erupt in flames. [demonic ancestry]
   342 | D:1      | Reached XP level 2. HP: 19/19 MP: 1/5
  1241 | D:2      | Reached skill level 2 in Armour
  1553 | D:2      | Learned a level 2 spell: Call Imp
  1842 | D:2      | Noticed Jessica
  1857 | D:2      | Killed Jessica
  1858 | D:2      | Reached skill level 3 in Armour
  1858 | D:2      | You feel monstrous as your demonic heritage exerts itself.
  1858 | D:2      | Discovered your monstrous ancestry.
  1858 | D:2      | Gained mutation: Your touch may inflict minor irresistible
                  | damage on your foes. [demonic ancestry]
  1858 | D:2      | Reached XP level 3. HP: 14/24 MP: 1/6
  2422 | D:2      | Gained mutation: You have a pair of small horns on your
                  | head. [demonic ancestry]
  2422 | D:2      | Reached XP level 4. HP: 18/30 MP: 5/7
  2610 | D:2      | Found a faded altar of an unknown god.
  2776 | D:2      | Prayed at the altar of an unknown god.
  2776 | D:2      | Became a worshipper of Warmaster Okawaru
  2776 | D:2      | Reached * piety under Okawaru
  2777 | D:2      | Quit the game

Vanquished Creatures
  A dart slug (D:2)
  A bat (D:1)
  An endoplasm (D:2)
  A goblin (D:1)
  2 hobgoblins
  2 jackals (D:2)
  A kobold (D:2)
  A quokka (D:2)
  2 ball pythons
  A rat (D:2)
13 creatures vanquished.

Vanquished Creatures (collateral kills)
  Jessica (D:2)
  An adder (D:2)
  A worm (D:2)
  A dart slug (D:1)
  2 endoplasms
  A jackal (D:2)
  3 ball pythons
  3 bats
  A frilled lizard (D:2)
  3 goblins
  A rat (D:1)
18 creatures vanquished.

Grand Total: 31 creatures vanquished

Table legend:
 A = Non-vault XP
 B = Vault XP
 C = Vault XP percentage of total XP
 D = Non-vault monster count
 E = Vault monster count
 F = Vault count percentage of total count
                 A         B        C        D         E       F
            +---------+---------+-------+---------+---------+-------
      Total |      67 |      37 |  35.6 |      30 |       1 |   3.2
            +---------+---------+-------+---------+---------+-------
        D:1 |      20 |       0 |   0.0 |      12 |       0 |   0.0
        D:2 |      47 |      37 |  44.0 |      18 |       1 |   5.3
            +---------+---------+-------+---------+---------+-------

Illustrated notes

Table legend:
 A = Kills in this place as a percentage of kills in entire the game.
 B = Kills by you in this place as a percentage of kills by you in the entire game.
 C = Kills by friends in this place as a percentage of kills by friends in the entire game.
 D = Other kills in this place as a percentage of other kills in the entire game.
 E = Experience gained in this place as a percentage of experience gained in the entire game.
 F = Experience gained in this place divided by the number of levels of this place that you have seen.
                   A       B       C       D       E      F
               +-------+-------+-------+-------+-------+----------------------
         Total | 100.0 | 100.0 | 100.0 |   N/A | 100.0 |  52.0
       Dungeon | 100.0 | 100.0 | 100.0 |   N/A | 100.0 |  52.0
               +-------+-------+-------+-------+-------+----------------------

Table legend: (Time is in decaauts)
 A = Elapsed time spent in this place.
 B = Non-inter-level travel time spent in this place.
 C = Inter-level travel time spent in this place.
 D = Time resting spent in this place.
 E = Time spent auto-exploring this place.
 F = Levels seen in this place.
 G = Mean time per level.
                   A        B        C        D        E       F      G
               +--------+--------+--------+--------+--------+-----+--------+
         Total |   2799 |   2777 |     22 |    401 |   1974 |   2 | 1399.5 |
       Dungeon |   2799 |   2777 |     22 |    401 |   1974 |   2 | 1399.5 |
               +--------+--------+--------+--------+--------+-----+--------+

Top non-repeatable levels by time:
     D:2: 1581 daAuts
     D:1: 1218 daAuts
